 Dungeon Crawl Stone Soup version 0.17-a0-1939-ga475588 (webtiles) character file.

73 dickyta the Ruffian (level 4, -1/44 HPs)
             Began as a Troll Monk on Sept 29, 2015.
             Killed from afar by an orc wizard (4 damage)
             ... with a puff of frost
             ... on level 3 of the Dungeon.
             The game lasted 00:08:57 (1006 turns).

dickyta the Ruffian (Troll Monk)                    Turns: 1006, Time: 00:08:58

Health: -1/44      AC:  5    Str: 20    XL:     4   Next: 8%
Magic:  3/3        EV: 10    Int:  6    God:
Gold:   157        SH:  0    Dex: 12    Spells: 1 memorised, 2 levels left

rFire  . . .     SeeInvis .     f - +0 mace
rCold  . . .     Clarity  .     a - +0 robe
rNeg   + . .     SustAt   .     (no shield)
rPois  .         Gourm    +     (helmet restricted)
rElec  .         Spirit   .     (no cloak)
rCorr  .         Warding  .     (gloves unavailable)
rMut   .         Stasis   .     (boots unavailable)
MR     .....                    (no amulet)
Stlth  +.........               (no ring)
                                h - ring of positive energy (curse)

@: not resistant to hostile enchantments, very unstealthy
A: unfitting armour, claws 3, fast metabolism 3, gourmand, regeneration 2,
shaggy fur 1, tough skin 2
a: no special abilities


You were on level 3 of the Dungeon.
You were not hungry.

You visited 1 branch of the dungeon, and saw 3 of its levels.

You collected 157 gold pieces.

Inventory:

Hand weapons
 f - a +0 mace (weapon)
 n - a +0 hand axe
Armour
 a - a +0 robe (worn)
 e - a +0 chain mail
Jewellery
 h - a cursed ring of positive energy (left claw)
Scrolls
 c - a scroll of magic mapping {unknown}
 g - 2 scrolls of teleportation {unknown}
 l - a scroll of recharging {unknown}
 m - a scroll of identify {unknown}
 o - a scroll of remove curse {unknown}
Potions
 i - 2 potions of cancellation {unknown}
 j - a potion of might {unknown}
 p - a potion of degeneration {unknown}
Books
 k - a book of Maledictions

   Spells                             Type                      Level
   a - Corona                         Hexes                        1
   b - Ensorcelled Hibernation        Hexes/Ice                    2
   c - Confuse                        Hexes                        3
   d - Tukima's Dance                 Hexes                        3
   e - Dazzling Spray                 Conjuration/Hexes            3
Comestibles
 b - a bread ration
 d - a slice of pizza


   Skills:
 + Level 2.7 Fighting
 + Level 0.1 Maces & Flails
 + Level 3.0 Dodging
 + Level 1.3 Stealth
 + Level 4.7 Unarmed Combat


You had 2 spell levels left.
You knew the following spells:

 Your Spells              Type           Power        Failure   Level  Hunger
a - Corona                Hex            #......      52%         1    ##.....


Dungeon Overview and Level Annotations

Branches:
Dungeon (3/15)

Altars:
Ashenzari


Innate Abilities, Weirdness & Mutations

You are too large for most types of armour.
You have claws for hands.
Your metabolism is lightning-fast.
You like to eat raw meat.
You heal very quickly.
You are covered in fur (AC +1).
You have very tough skin (AC +2).


Message History

You sock the orc wizard!
The orc wizard is heavily wounded.
The orc wizard gestures at you while chanting.
The puff of flame hits you!
* * * LOW HITPOINT WARNING * * *
The orc wizard hits you but does no damage.
You are too injured to fight recklessly!
You are too injured to fight recklessly!
You are too injured to fight recklessly!
You hit the orc wizard.
The orc wizard is almost dead.
The orc wizard hits you but does no damage. x2
You closely miss the orc wizard.
The orc wizard is almost dead.
The orc wizard points at you and mumbles some strange words.
The puff of flame hits you!
* * * LOW HITPOINT WARNING * * *
The orc wizard gestures at you while chanting.
The puff of frost hits you!
You die...

.... ##### ....... #...# .......
#...# #........... #...#
#........... #...###...........
######### #...#...........#
........#######...#)..........#
..............o@..'........>..#
#######..######...#...........##
#..# #...#............. #[..
#####..........### #oo..
#..........# ..o... #..........#
###o.... ###########+## #..g...
....########.# .............####


You could see an orc wizard.

Vanquished Creatures
  An orc wizard (D:3)
  An adder (D:2)
  A worm (D:2)
  3 bats
  2 giant cockroaches
  4 goblins
  3 hobgoblins
  A ball python (D:1)
  2 giant geckos (D:1)
  5 giant newts
  6 jackals
  2 kobolds
  4 rats
  3 plants (D:1)
38 creatures vanquished.

Notes
Turn   | Place    | Note
--------------------------------------------------------------
     0 | D:1      | dickyta the Troll Monk began the quest for the Orb.
     0 | D:1      | Reached XP level 1. HP: 22/22 MP: 0/0
   217 | D:1      | Reached XP level 2. HP: 29/29 MP: 1/1
   487 | D:2      | Found a shattered altar of Ashenzari.
   596 | D:2      | Reached XP level 3. HP: 27/36 MP: 2/2
   778 | D:2      | Learned a level 1 spell: Corona
  1000 | D:3      | Reached XP level 4. HP: 19/44 MP: 3/3
  1006 | D:3      | Killed from afar by an orc wizard

Vault maps used:
D:1:      minmay_arrival_cross, serial_bayou_pond_c, dk_noncrumbling_4
D:2:      nicolae_ashenzari_panopticon
D:3:      serial_undead, serial_undead_a, serial_undead_e, serial_undead_b,
          serial_undead_d

Action                   |  1- 3 |  4- 6 || total
-------------------------+-------+-------++-------
Melee: Unarmed           |    90 |       ||    90
       Mace              |    52 |     5 ||    57
 Stab: Sleeping          |     3 |       ||     3
  Eat: Bread ration      |     2 |       ||     2
